| TOP OF THE 1ST |
|
Aberdeen Ironbirds batting - Pitching for Idaho Falls Chukars : RHP Travis Stump
|
|
Pitching: RHP Travis Stump
|
|
|
Batting: RHB Rudo Garciaparra
|
0-0: Ball 1-0: Ball 2-0: Ball 3-0: Called Strike 3-1: Base on Balls
|
|
Batting: RHB Jordan Wallace
|
0-0: Ball 1-0: Ball 2-0: Ball 3-0: Called Strike 3-1: Called Strike 3-2: Base on Balls Rudo Garciaparra to second
|
|
Batting: RHB Edwin Ramos
|
0-0: Called Strike Rudo Garciaparra steals 3rd base 0-1: Called Strike 0-2: Ball 1-2: Foul Ball, location: 2F 1-2: Ball 2-2: Ball 3-2: Base on Balls Jordan Wallace to second
|
|
Pitching: RHP Rich Frontczak
|
|
|
Batting: SHB Jorge Brito
|
0-0: Foul Ball, location: 2F 0-1: Foul Ball, location: 2F 0-2: Ball 1-2: Strikes out swinging
|
|
Batting: LHB Bill Ostlund
|
0-0: Fly out, F7 (Flyball, 7LS, EV 86.2 MPH)
|
|
Batting: RHB Travis Carter
|
0-0: Fly out, F9 (Flyball, 9S, EV 93.1 MPH)
|
| Top of the 1st over - 0 runs, 0 hits, 0 errors, 3 left on base; Aberdeen 0 - Idaho Falls 0 |
| BOTTOM OF THE 1ST |
|
Idaho Falls Chukars batting - Pitching for Aberdeen Ironbirds : RHP Dave Reisinger
|
|
Pitching: RHP Dave Reisinger
|
|
|
Batting: LHB John Wagner
|
0-0: Called Strike 0-1: Fly out, F7 (Flyball, 7LM, EV 88.8 MPH)
|
|
Batting: RHB Chad Sullivan
|
0-0: Ball 1-0: Ball 2-0: Ball 3-0: Ground out 6-3 (Groundball, 6, EV 90.0 MPH)
|
|
Batting: RHB Ken Postlethwaite
|
0-0: Swinging Strike 0-1: Ball 1-1: Ball 2-1: Foul Ball, location: 2F 2-2: Foul Ball, location: 2F 2-2: Strikes out looking
|
| Bottom of the 1st over - 0 runs, 0 hits, 0 errors, 0 left on base; Aberdeen 0 - Idaho Falls 0 |
| TOP OF THE 2ND |
|
Aberdeen Ironbirds batting - Pitching for Idaho Falls Chukars : RHP Rich Frontczak
|
|
Batting: LHB Shane Free
|
0-0: SINGLE (Groundball, P, EV 85.0 MPH) (infield hit)
|
|
Batting: RHB Juan Estrada
|
0-0: Called Strike Shane Free steals 2nd base 0-1: SINGLE (Groundball, 15S, EV 75.0 MPH) (infield hit) Shane Free to third
|
|
Batting: SHB Hugo Moreno
|
0-0: Foul Ball, location: 2F 0-1: Ball 1-1: Fielders Choice at 2nd, 6-4 (Groundball, 6, EV 82.5 MPH) Shane Free scores
|
|
Batting: RHB Rudo Garciaparra
|
0-0: Ball 1-0: Ball 2-0: Ball 3-0: Base on Balls Hugo Moreno to second
|
|
Batting: RHB Jordan Wallace
|
0-0: Hit by Pitch Hugo Moreno to third Rudo Garciaparra to second
|
|
Batting: RHB Edwin Ramos
|
0-0: Hit by Pitch Hugo Moreno scores Rudo Garciaparra to third Jordan Wallace to second
|
|
Pitching: RHP Tony Jimenez
|
|
|
Batting: SHB Jorge Brito
|
0-0: Ball 1-0: Ball 2-0: Swinging Strike 2-1: Ball 3-1: Base on Balls Rudo Garciaparra scores Jordan Wallace to third Edwin Ramos to second
|
|
Batting: LHB Bill Ostlund
|
0-0: Ball 1-0: Foul Ball, location: 2F 1-1: Foul Ball, location: 2F 1-2: Foul Ball, location: 2F 1-2: DOUBLE (Line Drive, 78XD, EV 107.5 MPH) Jordan Wallace scores Edwin Ramos scores Jorge Brito to third
|
|
Batting: RHB Travis Carter
|
0-0: Ball 1-0: SINGLE (Groundball, 4MS, EV 73.1 MPH) (infield hit) Jorge Brito scores Bill Ostlund to third
|
|
Batting: LHB Shane Free
|
0-0: Ball 1-0: Ball Travis Carter steals 2nd base 2-0: Swinging Strike 2-1: Ball 3-1: Swinging Strike 3-2: DOUBLE (Flyball, 89XD, EV 109.4 MPH) Bill Ostlund scores Travis Carter scores
|
|
Batting: RHB Juan Estrada
|
0-0: Ball 1-0: Ball 2-0: SINGLE (Line Drive, 89S, EV 98.8 MPH) Shane Free to third
|
|
Batting: SHB Hugo Moreno
|
0-0: Ball 1-0: Ball 2-0: Ball 3-0: Called Strike 3-1: Foul Ball, location: 2F 3-2: Base on Balls Juan Estrada to second
|
|
Batting: RHB Rudo Garciaparra
|
0-0: Swinging Strike 0-1: Foul Ball, location: 2F 0-2: Ball 1-2: Foul Ball, location: 2F 1-2: Foul Ball, location: 2F 1-2: Ball 2-2: Ball 3-2: Base on Balls Shane Free scores Juan Estrada to third Hugo Moreno to second
|
|
Batting: RHB Jordan Wallace
|
0-0: Ball 1-0: Ball 2-0: Called Strike 2-1: Ball 3-1: GRAND SLAM HOME RUN (Flyball, 7D, EV 98.1 MPH), Distance : 384 ft
|
|
Pitching: RHP Edite Leoni
|
|
|
Batting: RHB Edwin Ramos
|
0-0: Ground out 1-3 (Groundball, 13, EV 66.9 MPH)
|
|
Batting: SHB Jorge Brito
|
0-0: Ball 1-0: SOLO HOME RUN (Flyball, 89XD, EV 101.9 MPH), Distance : 407 ft
|
|
Batting: LHB Bill Ostlund
|
0-0: Called Strike 0-1: Ball 1-1: Foul Ball, location: 2F 1-2: Ball 2-2: Ball 3-2: SINGLE (Groundball, 4MD, EV 100.0 MPH)
|
|
Batting: RHB Travis Carter
|
0-0: Called Strike 0-1: Ball 1-1: Ball 2-1: Ball 3-1: Base on Balls Bill Ostlund to second
|
|
Batting: LHB Shane Free
|
0-0: Called Strike 0-1: SINGLE (Flyball, 9LS, EV 85.6 MPH) Bill Ostlund to third Travis Carter to second Runner from 3rd tries for Home, SAFE, throw by RF to home
|
|
Batting: RHB Juan Estrada
|
0-0: Reached on error, E3 (Groundball, 34, EV 88.8 MPH) Travis Carter scores Shane Free to third
|
|
Batting: SHB Hugo Moreno
|
0-0: Ball 1-0: Ball 2-0: Ball 3-0: Base on Balls
|
|
Pitching: LHP Randy Stapleton
|
|
|
Batting: RHB Rudo Garciaparra
|
Balk! Shane Free scores Juan Estrada to third Hugo Moreno to second 0-0: Called Strike 0-1: Foul Ball, location: 2F 0-2: DOUBLE (Flyball, 78XD, EV 100.0 MPH) Juan Estrada scores Hugo Moreno scores
|
|
Batting: RHB Jordan Wallace
|
0-0: Ball 1-0: Called Strike 1-1: Foul Ball, location: 2F 1-2: Ball 2-2: Ball 3-2: Foul Ball, location: 2F 3-2: Base on Balls
|
|
Batting: RHB Edwin Ramos
|
0-0: Swinging Strike 0-1: Ball 1-1: Ball 2-1: SINGLE (Line Drive, 89M, EV 88.8 MPH) Rudo Garciaparra to third Jordan Wallace to second
|
|
Batting: SHB Jorge Brito
|
0-0: Ball 1-0: Ball 2-0: Ball 3-0: Called Strike 3-1: Called Strike 3-2: Base on Balls Rudo Garciaparra scores Jordan Wallace to third Edwin Ramos to second
|
|
Pitching: RHP Timotheus Cooper
|
|
|
Batting: LHB Bill Ostlund
|
0-0: Ball 1-0: Ground out U3 (Groundball, 3, EV 81.9 MPH)
|
| Top of the 2nd over - 20 runs, 12 hits, 1 error, 3 left on base; Aberdeen 20 - Idaho Falls 0 |
| BOTTOM OF THE 2ND |
|
Idaho Falls Chukars batting - Pitching for Aberdeen Ironbirds : RHP Dave Reisinger
|
|
Batting: RHB Jeremy Haun
|
0-0: Swinging Strike 0-1: Called Strike 0-2: Ball 1-2: Strikes out swinging
|
|
Batting: RHB Kevin Allen
|
0-0: Ball 1-0: Called Strike 1-1: Ball 2-1: Foul Ball, location: 2F 2-2: Foul Ball, location: 2F 2-2: Ball 3-2: Base on Balls
|
|
Batting: RHB Nate De Jongh
|
0-0: Ball 1-0: Ball 2-0: Foul Ball, location: 2F 2-1: Called Strike 2-2: Strikes out swinging
|
|
Batting: RHB Eric Dyer
|
0-0: Called Strike 0-1: Ball 1-1: Swinging Strike 1-2: Foul Ball, location: 2F 1-2: Ball 2-2: Strikes out swinging
|
| Bottom of the 2nd over - 0 runs, 0 hits, 0 errors, 1 left on base; Aberdeen 20 - Idaho Falls 0 |
| TOP OF THE 3RD |
|
Aberdeen Ironbirds batting - Pitching for Idaho Falls Chukars : RHP Timotheus Cooper
|
|
Batting: RHB Travis Carter
|
0-0: Called Strike 0-1: Foul Ball, location: 2F 0-2: Ball 1-2: SOLO HOME RUN (Flyball, 8LXD, EV 111.9 MPH), Distance : 413 ft
|
|
Batting: LHB Shane Free
|
0-0: Ball 1-0: Ball 2-0: Foul Ball, location: 2F 2-1: Swinging Strike 2-2: Strikes out swinging
|
|
Batting: RHB Juan Estrada
|
0-0: DOUBLE (Line Drive, 9LS, EV 101.9 MPH)
|
|
Batting: SHB Hugo Moreno
|
0-0: Called Strike 0-1: Ball 1-1: SINGLE (Groundball, 56, EV 101.2 MPH) Juan Estrada to third Runner from 3rd tries for Home, SAFE, throw by LF to home
|
|
Batting: RHB Rudo Garciaparra
|
Balk! Hugo Moreno to second 0-0: Called Strike 0-1: Ball 1-1: Fly out, F3 (Popup, 34, EV 56.9 MPH)
|
|
Batting: RHB Jordan Wallace
|
0-0: Ball 1-0: Ball 2-0: Ball 3-0: Base on Balls
|
|
Batting: RHB Edwin Ramos
|
0-0: Swinging Strike 0-1: Ball 1-1: SINGLE (Flyball, 5D, EV 94.4 MPH) Hugo Moreno to third Jordan Wallace to second Runner from 3rd tries for Home, throw by LF and OUT! 7-2
|
| Top of the 3rd over - 2 runs, 4 hits, 0 errors, 2 left on base; Aberdeen 22 - Idaho Falls 0 |
| BOTTOM OF THE 3RD |
|
Idaho Falls Chukars batting - Pitching for Aberdeen Ironbirds : RHP Dave Reisinger
|
|
Batting: RHB Eric Erickson
|
0-0: Ground out 3-1 (Groundball, 34, EV 91.2 MPH)
|
|
Batting: RHB Ben Minge
|
0-0: Called Strike 0-1: Ball 1-1: Fly out, F8 (Line Drive, 8LD, EV 90.6 MPH)
|
|
Batting: LHB John Wagner
|
0-0: Called Strike 0-1: Foul Ball, location: 2F 0-2: Foul Ball, location: 2F 0-2: Strikes out looking
|
| Bottom of the 3rd over - 0 runs, 0 hits, 0 errors, 0 left on base; Aberdeen 22 - Idaho Falls 0 |
| TOP OF THE 4TH |
|
Aberdeen Ironbirds batting - Pitching for Idaho Falls Chukars : RHP Timotheus Cooper
|
|
Batting: SHB Jorge Brito
|
0-0: Ball 1-0: Ball 2-0: Ball 3-0: Base on Balls
|
|
Batting: LHB Bill Ostlund
|
0-0: Ball 1-0: Grounds into double play, 4-6-3 (Groundball, 4, EV 105.6 MPH)
|
|
Batting: RHB Travis Carter
|
0-0: Called Strike 0-1: Ball 1-1: Ball 2-1: SINGLE (Line Drive, 3D, EV 96.2 MPH)
|
|
Batting: LHB Shane Free
|
0-0: Ball 1-0: Called Strike 1-1: Swinging Strike 1-2: Ball 2-2: Foul Ball, location: 2F 2-2: Ball 3-2: Base on Balls Travis Carter to second
|
|
Batting: RHB Juan Estrada
|
0-0: Ball 1-0: Ball 2-0: Called Strike 2-1: Ball 3-1: Base on Balls Travis Carter to third Shane Free to second
|
|
Batting: SHB Hugo Moreno
|
0-0: Ball 1-0: Ball 2-0: Ball 3-0: Base on Balls Travis Carter scores Shane Free to third Juan Estrada to second
|
|
Batting: RHB Rudo Garciaparra
|
0-0: Foul Ball, location: 2F 0-1: Ball 1-1: Ball Balk! Shane Free scores Juan Estrada to third Hugo Moreno to second Balk! Juan Estrada scores Hugo Moreno to third 2-1: Swinging Strike 2-2: Ball 3-2: SINGLE (Groundball, 4D, EV 101.9 MPH) Hugo Moreno scores
|
|
Batting: RHB Jordan Wallace
|
0-0: Ball 1-0: Fly out, F5 (Popup, 56S, EV 75.0 MPH)
|
| Top of the 4th over - 4 runs, 2 hits, 0 errors, 1 left on base; Aberdeen 26 - Idaho Falls 0 |
| BOTTOM OF THE 4TH |
|
Idaho Falls Chukars batting - Pitching for Aberdeen Ironbirds : RHP Dave Reisinger
|
|
Batting: RHB Chad Sullivan
|
0-0: Foul Ball, location: 2F 0-1: Foul Ball, location: 2F 0-2: Foul Ball, location: 2F 0-2: Ball 1-2: Ball 2-2: Foul Ball, location: 2F 2-2: Strikes out swinging
|
|
Batting: RHB Ken Postlethwaite
|
0-0: Ball 1-0: Fly out, F9 (Flyball, 9, EV 74.4 MPH)
|
|
Batting: RHB Jeremy Haun
|
0-0: Ball 1-0: Ball 2-0: Foul Ball, location: 2F 2-1: Called Strike 2-2: Strikes out swinging
|
| Bottom of the 4th over - 0 runs, 0 hits, 0 errors, 0 left on base; Aberdeen 26 - Idaho Falls 0 |
| TOP OF THE 5TH |
|
Aberdeen Ironbirds batting - Pitching for Idaho Falls Chukars : RHP Timotheus Cooper
|
|
Batting: RHB Edwin Ramos
|
0-0: Called Strike 0-1: Swinging Strike 0-2: Reached on error, E5 (Groundball, 56, EV 103.8 MPH)
|
|
Batting: SHB Jorge Brito
|
0-0: Called Strike 0-1: Fielders Choice at 2nd, 6-4 (Groundball, 6M, EV 85.6 MPH)
|
|
Batting: LHB Bill Ostlund
|
0-0: Hit by Pitch Jorge Brito to second
|
|
Batting: RHB Travis Carter
|
0-0: Ball 1-0: SINGLE (Flyball, 7LS, EV 93.1 MPH) Jorge Brito to third Bill Ostlund to second
|
|
Batting: LHB Shane Free
|
0-0: Fielders Choice at 2nd, 6-4 (Groundball, 6, EV 105.0 MPH) Jorge Brito scores Bill Ostlund to third
|
|
Batting: RHB Juan Estrada
|
0-0: Called Strike 0-1: Ground out U3 (Groundball, 3L, EV 90.0 MPH)
|
| Top of the 5th over - 1 run, 1 hit, 1 error, 2 left on base; Aberdeen 27 - Idaho Falls 0 |
| BOTTOM OF THE 5TH |
|
Idaho Falls Chukars batting - Pitching for Aberdeen Ironbirds : RHP Dave Reisinger
|
|
Batting: RHB Kevin Allen
|
0-0: Called Strike 0-1: Ball 1-1: Foul Ball, location: 2F 1-2: Strikes out looking
|
|
Batting: RHB Nate De Jongh
|
0-0: Called Strike 0-1: Swinging Strike 0-2: Strikes out looking
|
|
Batting: RHB Eric Dyer
|
0-0: Foul Ball, location: 2F 0-1: Ball 1-1: Swinging Strike 1-2: Strikes out swinging
|
| Bottom of the 5th over - 0 runs, 0 hits, 0 errors, 0 left on base; Aberdeen 27 - Idaho Falls 0 |
| TOP OF THE 6TH |
|
Aberdeen Ironbirds batting - Pitching for Idaho Falls Chukars : RHP Timotheus Cooper
|
|
Batting: SHB Hugo Moreno
|
0-0: Ball 1-0: Swinging Strike 1-1: Ball 2-1: Ball 3-1: Base on Balls
|
|
Batting: RHB Rudo Garciaparra
|
0-0: Swinging Strike 0-1: Ball 1-1: Called Strike 1-2: Ball 2-2: Ball 3-2: Foul Ball, location: 2F 3-2: Base on Balls Hugo Moreno to second
|
|
Batting: RHB Jordan Wallace
|
0-0: Ground out 5-3 (Groundball, 56, EV 103.8 MPH) Hugo Moreno to third Rudo Garciaparra to second
|
|
Batting: RHB Edwin Ramos
|
0-0: Ball 1-0: SINGLE (Groundball, 6D, EV 94.4 MPH) Hugo Moreno scores Rudo Garciaparra to third Runner from 3rd tries for Home, SAFE, throw by CF to home
|
|
Batting: SHB Jorge Brito
|
0-0: Ball 1-0: Fielders Choice at 2nd, 1-6 (Groundball, 13S, EV 65.6 MPH)
|
|
Batting: LHB Bill Ostlund
|
0-0: Foul Ball, location: 2F 0-1: Fly out, F7 (Flyball, 7LM, EV 90.6 MPH)
|
| Top of the 6th over - 2 runs, 1 hit, 0 errors, 1 left on base; Aberdeen 29 - Idaho Falls 0 |
| BOTTOM OF THE 6TH |
|
Idaho Falls Chukars batting - Pitching for Aberdeen Ironbirds : RHP Dave Reisinger
|
|
Batting: RHB Eric Erickson
|
0-0: Foul Ball, location: 2F 0-1: SINGLE (Groundball, 56D, EV 103.1 MPH)
|
|
Batting: RHB Ben Minge
|
0-0: Ball 1-0: Called Strike Eric Erickson steals 2nd base 1-1: Foul Ball, location: 2F 1-2: Hit by Pitch
|
|
Batting: LHB John Wagner
|
0-0: Called Strike 0-1: Ball 1-1: Swinging Strike 1-2: Fielders Choice at 2nd, 3-6 (Groundball, 3, EV 88.8 MPH) Eric Erickson to third
|
|
Batting: RHB Chad Sullivan
|
0-0: Called Strike 0-1: Called Strike 0-2: Ball John Wagner steals 2nd base (no throw) 1-2: Ball 2-2: Foul Ball, location: 2F 2-2: Foul Ball, location: 2F 2-2: Strikes out swinging
|
|
Batting: RHB Ken Postlethwaite
|
0-0: Ball 1-0: Ball 2-0: Ball 3-0: Called Strike 3-1: Called Strike 3-2: Base on Balls
|
|
Batting: RHB Jeremy Haun
|
0-0: Foul Ball, location: 2F 0-1: Ball 1-1: Fly out, F9 (Flyball, 9, EV 87.5 MPH)
|
| Bottom of the 6th over - 0 runs, 1 hit, 0 errors, 3 left on base; Aberdeen 29 - Idaho Falls 0 |
| TOP OF THE 7TH |
|
Aberdeen Ironbirds batting - Pitching for Idaho Falls Chukars : RHP Timotheus Cooper
|
|
Pinch Hitting: LHB Raul Rojas
|
0-0: Called Strike 0-1: Ball 1-1: Swinging Strike 1-2: Foul Ball, location: 2F 1-2: Ball 2-2: Strikes out looking
|
|
Batting: LHB Shane Free
|
0-0: Ball 1-0: Ground out 6-3 (Groundball, 6, EV 82.5 MPH)
|
|
Batting: RHB Juan Estrada
|
0-0: Ball 1-0: Swinging Strike 1-1: Ball 2-1: Ball 3-1: Base on Balls
|
|
Batting: SHB Hugo Moreno
|
0-0: Called Strike 0-1: Fielders Choice at 2nd, 6-4 (Groundball, 6, EV 101.9 MPH)
|
| Top of the 7th over - 0 runs, 0 hits, 0 errors, 1 left on base; Aberdeen 29 - Idaho Falls 0 |
| BOTTOM OF THE 7TH |
|
Idaho Falls Chukars batting - Pitching for Aberdeen Ironbirds : RHP Dave Reisinger
|
|
Now at 1B: Raul Rojas
|
|
|
Now at 2B: Shane Free
|
|
|
Now at SS: Rudo Garciaparra
|
|
|
Batting: RHB Kevin Allen
|
0-0: Ball 1-0: Ball 2-0: Called Strike 2-1: Foul Ball, location: 2F 2-2: Ball 3-2: Foul Ball, location: 2F 3-2: Foul Ball, location: 2F 3-2: Foul Ball, location: 2F 3-2: Strikes out swinging
|
|
Pitching: RHP David Burrus
|
|
|
Batting: RHB Nate De Jongh
|
0-0: Ball 1-0: Foul Ball, location: 2F 1-1: Called Strike 1-2: Strikes out swinging
|
|
Batting: RHB Eric Dyer
|
0-0: Ball 1-0: Swinging Strike 1-1: Ball 2-1: Swinging Strike 2-2: Ball 3-2: Strikes out looking
|
| Bottom of the 7th over - 0 runs, 0 hits, 0 errors, 0 left on base; Aberdeen 29 - Idaho Falls 0 |
| TOP OF THE 8TH |
|
Aberdeen Ironbirds batting - Pitching for Idaho Falls Chukars : RHP Timotheus Cooper
|
|
Batting: RHB Rudo Garciaparra
|
0-0: Ball 1-0: Foul Ball, location: 2F 1-1: Ball 2-1: Ball 3-1: Base on Balls
|
|
Pinch Hitting: LHB David Best
|
0-0: Fielders Choice at 2nd, 4-6 (Groundball, 34, EV 90.0 MPH)
|
|
Batting: RHB Edwin Ramos
|
0-0: Called Strike 0-1: Fly out, F8 (Flyball, 8RD, EV 96.9 MPH)
|
|
Batting: SHB Jorge Brito
|
0-0: Called Strike 0-1: SINGLE (Flyball, 78S, EV 93.8 MPH) David Best to second
|
|
Batting: LHB Bill Ostlund
|
0-0: Called Strike 0-1: Ball 1-1: Ball 2-1: Ball Passed Ball! David Best to third Jorge Brito to second 3-1: Called Strike 3-2: Base on Balls
|
|
Batting: LHB Raul Rojas
|
0-0: Foul Ball, location: 2F Balk! David Best scores Jorge Brito to third Bill Ostlund to second 0-1: Fly out, F8 (Flyball, 78M, EV 82.5 MPH)
|
| Top of the 8th over - 1 run, 1 hit, 0 errors, 2 left on base; Aberdeen 30 - Idaho Falls 0 |
| BOTTOM OF THE 8TH |
|
Idaho Falls Chukars batting - Pitching for Aberdeen Ironbirds : RHP David Burrus
|
|
Now in CF: David Best
|
|
|
Batting: RHB Eric Erickson
|
0-0: Called Strike 0-1: Swinging Strike 0-2: Ball 1-2: Ball 2-2: Fly out, F8 (Flyball, 8RD, EV 98.1 MPH)
|
|
Batting: RHB Ben Minge
|
0-0: Ball 1-0: Called Strike 1-1: Swinging Strike 1-2: Ground out 5-3 (Groundball, 5, EV 103.8 MPH)
|
|
Batting: LHB John Wagner
|
0-0: Foul Ball, location: 2F 0-1: Ball 1-1: Ball 2-1: Ground out 4-3 (Groundball, 34D, EV 98.1 MPH)
|
| Bottom of the 8th over - 0 runs, 0 hits, 0 errors, 0 left on base; Aberdeen 30 - Idaho Falls 0 |
| TOP OF THE 9TH |
|
Aberdeen Ironbirds batting - Pitching for Idaho Falls Chukars : RHP Timotheus Cooper
|
|
Batting: LHB Shane Free
|
0-0: SOLO HOME RUN (Flyball, 89XD, EV 103.1 MPH), Distance : 412 ft
|
|
Batting: RHB Juan Estrada
|
0-0: Swinging Strike 0-1: Ball 1-1: Ball 2-1: Ball 3-1: Base on Balls
|
|
Batting: SHB Hugo Moreno
|
0-0: TRIPLE (Flyball, 89XD, EV 96.2 MPH) Juan Estrada scores
|
|
Pinch Hitting: SHB Tyler Myatt
|
Balk! Hugo Moreno scores 0-0: Fly out, F2 (Popup, 25F, EV 93.8 MPH)
|
|
Batting: LHB David Best
|
0-0: SINGLE (Line Drive, 8LS, EV 109.4 MPH)
|
|
Batting: RHB Edwin Ramos
|
0-0: Ball 1-0: Fielders Choice at 2nd, 4-6 (Groundball, 4, EV 81.9 MPH)
|
|
Batting: SHB Jorge Brito
|
0-0: SINGLE (Flyball, 8LS, EV 87.5 MPH) Edwin Ramos to second
|
|
Batting: LHB Bill Ostlund
|
0-0: Foul Ball, location: 2F 0-1: Ball 1-1: Ball Wild Pitch! Edwin Ramos to third Jorge Brito to second 2-1: Ball 3-1: Base on Balls
|
|
Pinch Hitting: LHB Tim Mulholland
|
0-0: Ball 1-0: SINGLE (Groundball, 34D, EV 94.4 MPH) Edwin Ramos scores Jorge Brito to third Bill Ostlund to second Runner from 3rd tries for Home, throw by RF and OUT! 9-2
|
| Top of the 9th over - 4 runs, 5 hits, 0 errors, 2 left on base; Aberdeen 34 - Idaho Falls 0 |
| BOTTOM OF THE 9TH |
|
Idaho Falls Chukars batting - Pitching for Aberdeen Ironbirds : RHP David Burrus
|
|
Now at 1B: Tim Mulholland
|
|
|
Now at 2B: Tyler Myatt
|
|
|
Now at SS: Shane Free
|
|
|
Batting: RHB Chad Sullivan
|
0-0: Called Strike 0-1: Foul Ball, location: 2F 0-2: Strikes out swinging
|
|
Batting: RHB Ken Postlethwaite
|
0-0: Fly out, F7 (Flyball, 7LS, EV 84.4 MPH)
|
|
Batting: RHB Jeremy Haun
|
0-0: Called Strike 0-1: Ball 1-1: Ball 2-1: Called Strike 2-2: Strikes out swinging
|
| Bottom of the 9th over - 0 runs, 0 hits, 0 errors, 0 left on base; Aberdeen 34 - Idaho Falls 0 |
|